AoeStats
← lotrjoey

Arabia

505390471Analyzed
4v4 RM · 24d ago on Sep 9, 2026· 33m 12s· 8 players
Game mode
Random Map
Map size
Large (8 player)
Population
200
Speed
Normal
Resources
Standard
Victory
Conquest
Starting age
Dark Age
Ending age
Imperial Age
RankedLock teamsTeams togetherTeam positionsShared explorationLock speedFull tech treeHidden civsTurbo modeCheats
Victory
Defeat
🇨🇷 Persians · Costa Rica
1147
+11
🇨🇷 Chinese · Costa Rica
1026
+16
🇨🇷 Vietnamese · Costa Rica
1012
+16
🇨🇷 Vikings · Costa Rica
963
+19
🇺🇸 Romans · United States
1084
-17
🇦🇷 Britons · Argentina
1036
-16
🇺🇸 Franks · United States
1003
-15
🇭🇰 Jurchens · Hong Kong SAR China
978
-14
tupapa13
6:40 Loom
9:04 Feudal Age
9:46 Double-Bit Axe
9:44 Horse Collar
16:22 Forging
17:03 Wheelbarrow
21:02 Castle Age
19:27 Bloodlines
21:09 Scale Barding Armor
23:40 Town Watch
24:33 Iron Casting
25:36 Bow Saw
26:15 Gold Mining
30:20 Imperial Age
28:14 Heavy Plow
29:02 Husbandry
30:00 Cavalier
33:59 Gold Shaft Mining
33:10 Savar
Spectreassassin
11:07 Feudal Age
16:23 Loom
34:31 Castle Age
32:29 Town Watch
Mc_Patatas
0:32 Loom
10:38 Feudal Age
16:30 Wheelbarrow
21:19 Double-Bit Axe
22:01 Fletching
26:10 Castle Age
24:22 Padded Archer Armor
26:29 Stone Mining
27:17 Gold Mining
27:33 Crossbowman
31:20 Leather Archer Armor
EmperorofMayhem94
2:43 Loom
10:39 Feudal Age
12:39 Double-Bit Axe
13:21 Bloodlines
31:39 Castle Age
32:45 Husbandry
lotrjoey
6:30 Loom
9:17 Feudal Age
10:21 Double-Bit Axe
17:13 Man-at-Arms
Jabrawlter
0:29 Loom
12:41 Feudal Age
14:00 Wheelbarrow
13:15 Double-Bit Axe
22:18 Castle Age
25:57 Stone Mining
QuesoRuso
3:16 Loom
9:54 Feudal Age
10:27 Double-Bit Axe
13:58 Fletching
20:08 Wheelbarrow
24:15 Castle Age
24:17 Crossbowman
24:53 Bodkin Arrow
24:58 Padded Archer Armor
24:31 Elite Skirmisher
27:20 Leather Archer Armor
27:31 Horse Collar
27:43 Gold Mining
30:03 Ballistics
装糖阴一手
1:41 Loom
12:19 Feudal Age
13:41 Wheelbarrow
12:47 Horse Collar
12:53 Double-Bit Axe
19:13 Bloodlines
22:57 Forging
22:52 Scale Barding Armor
24:48 Castle Age
Connection lost

Rejoining the realm…

Still unreachable

The connection could not be restored.

Session expired

The server has moved on; the page needs a fresh start.